Map: Frozen Temple

Players

WarreN

  • Race: Zerg Zerg
  • League: Grandmaster

Pokebunny - Winner!

  • Race: Terran Terran
  • League: Grandmaster

VOD

Have the link to the VOD?

Description

Time

  • Played on: April 6, 2016, 11:46 p.m.
  • Length: 7:47
Show
View Real Time Build Order
Export as new Build Order

WarreN Zerg 

Build Orders: Hatch First 

Get SALT Encoding   

  12  0:01  Drone  
  13  0:12  Overlord  
  13  0:17  Drone  
  14  0:31  Drone x2  
  16  0:36  Drone  
  17  0:52  Hatchery  
  17  0:56  Drone  
  17  0:58  Drone  
  17  1:03  Extractor  
  17  1:07  Drone  
  18  1:17  Drone  
  19  1:21  Spawning Pool  
  18  1:28  Drone  
  19  1:41  Overlord  
  19  1:53  Drone  
  20  2:07  Queen x2  
  24  2:08  Zergling x4  
  24  2:11  Metabolic Boost  
  24  2:14  Drone  
  27  2:16  Drone  
  28  2:23  Drone  
  28  2:25  Drone, Extractor  
  28  2:28  Spore Crawler  
  27  2:37  Drone x2  
  31  2:46  Overlord  
  31  2:50  Hatchery  
  30  2:54  Drone  
  30  2:55  Drone  
  32  3:00  Drone  
  33  3:06  Queen x2  
  37  3:15  Drone x2  
  37  3:16  Drone x2  
  41  3:20  Overlord  
  41  3:30  Overlord  
  41  3:32  Drone x2  
  43  3:35  Extractor  
  43  3:38  Overlord  
  42  3:47  Drone x2  
  44  3:53  Drone x6  
  44  3:54  Drone  
  51  3:59  Roach Warren  
  51  4:02  Evolution Chamber  
  49  4:11  Queen, Lair  
  51  4:18  Zergling x6  
  51  4:19  Zergling x4  
  51  4:20  Drone  
  51  4:21  Drone  
  51  4:22  Extractor  
  56  4:34  Drone x3  
  56  4:37  Drone, Spore Crawler  
  56  4:38  Drone  
  60  4:41  Spore Crawler  
  60  4:42  Zerg Missile Weapons Level 1  
  60  4:45  Overlord  
  59  4:46  Roach  
  59  4:47  Roach  
  63  4:53  Roach  
  65  5:00  Overlord  
  65  5:01  Overlord  
  65  5:02  Overlord  
  64  5:09  Roach  
  64  5:10  Roach x4  
  74  5:21  Overlord x2  
  72  5:22  Roach x2  
  75  5:28  Roach  
  75  5:29  Roach x2  
  77  5:39  Roach x4  
  77  5:42  Glial Reconstitution  
  78  5:51  Drone x2  
  78  5:52  Drone x2  
  78  5:55  Extractor  
  81  6:05  Ravager x3  
  81  6:08  Overlord x2  
  81  6:09  Overlord x2  
  82  6:30  Roach  
  82  6:31  Roach x5  
  94  6:37  Ravager  
  95  6:49  Roach  
  95  6:50  Roach  
  95  6:51  Overlord  
  99  6:59  Overseer  
  99  7:00  Overlord x3  
  99  7:02  Hatchery  
  99  7:07  Overseer  
  94  7:23  Roach  
  94  7:24  Roach x8  
  112  7:37  Ravager  
Show
View Real Time Build Order
Export as new Build Order

Pokebunny Terran - Winner!

Build Orders: Reaper Expand, MMM Bio 

Get SALT Encoding   

  12  0:00  SCV  
  13  0:13  SCV  
  14  0:18  Supply Depot  
  14  0:25  SCV  
  15  0:40  SCV  
  15  0:41  Barracks  
  16  0:44  Refinery  
  16  0:52  SCV  
  17  1:04  SCV  
  18  1:16  SCV  
  19  1:28  Orbital Command, Reaper  
  20  1:41  Command Center  
  20  1:53  Supply Depot  
  20  1:54  SCV  
  20  2:00  Barracks Reactor  
  21  2:05  Barracks  
  21  2:09  SCV  
  22  2:21  SCV  
  22  2:22  Barracks  
  23  2:25  Refinery  
  23  2:36  SCV  
  24  2:37  Marine x2  
  26  2:50  Factory, SCV  
  27  2:52  Barracks Tech Lab  
  26  2:58  Orbital Command  
  27  3:01  Marine  
  27  3:02  Marine  
  29  3:10  Marine  
  29  3:12  Stimpack  
  30  3:15  Marine  
  30  3:17  SCV  
  32  3:24  Marine x2  
  34  3:31  Marine  
  35  3:35  Starport  
  35  3:36  Factory Reactor  
  35  3:44  Marine x3  
  38  3:50  SCV x2  
  40  3:57  Supply Depot, Marine  
  40  4:02  Marine x2  
  43  4:06  Marine  
  43  4:09  SCV x2  
  46  4:19  Medivac  
  46  4:20  Medivac  
  46  4:21  Supply Depot  
  50  4:25  Engineering Bay  
  50  4:27  SCV  
  51  4:32  Marine x2  
  51  4:33  Marine  
  54  4:40  Refinery  
  54  4:42  Marine  
  54  4:43  SCV x2  
  57  4:48  Factory Tech Lab  
  57  4:52  Supply Depot, Terran Infantry Weapons Level 1  
  57  4:54  Barracks Reactor, Marine x2  
  57  5:08  SCV x2  
  57  5:10  Supply Depot  
  59  5:16  Barracks  
  59  5:17  Barracks  
  59  5:19  Marine x3  
  62  5:26  Siege Tank  
  65  5:37  Marine x2  
  65  5:38  SCV x2  
  69  5:43  Combat Shields, Marine x2  
  71  5:50  SCV x2  
  73  5:58  Supply Depot  
  73  6:00  Siege Tank  
  73  6:02  Supply Depot  
  75  6:19  Marine x4  
  75  6:20  Marine  
  75  6:21  Marine x2  
  75  6:23  Supply Depot x2  
  75  6:24  Medivac  
  84  6:27  Medivac  
  84  6:30  SCV x2  
  88  6:36  Supply Depot  
  88  6:37  Marine  
  82  6:47  Marine x2  
  82  6:48  Marine x4  
  88  6:55  Marine  
  88  6:58  Siege Tank, Medivac  
  88  7:00  Medivac  
  96  7:03  SCV x2  
  96  7:05  Marine x2  
  100  7:09  Marine x2  
  100  7:10  Marine  
  100  7:14  Supply Depot  
Tags
 
Add a new tag
Caveats
  • Supply blocks, unpowered buildings, or Contaminate may cause inaccurate times.
  • Supply counts are checked every 10 seconds.